 Dungeon Crawl Stone Soup version 0.29-a0-243-g602b31c20e (webtiles) character file.

Game seed: 16546504084043415304

20184 spaghetti the Brawler (level 12, 0/109 HPs)
             Began as a Demonspawn Berserker on Mar 4, 2022.
             Was a Priest of Trog.
             Slain by an enormous slime creature (33 damage)
             ... on level 13 of the Dungeon.
             The game lasted 00:17:50 (13770 turns).

spaghetti the Brawler (Demonspawn Berserker)       Turns: 13770, Time: 00:17:51

Health: 0/109      AC: 23    Str: 22 (23) XL:     12   Next: 43%
Magic:  12/12      EV: 10    Int:  7 (9)  God:    Trog [***...]
Gold:   245        SH:  4    Dex:  9 (12) Spells: 11/11 levels left

rFire   + . .      SeeInvis .     - Unarmed
rCold   + . .      Faith    .   (no shield)
rNeg    . . .      Spirit   .   g - +2 chain mail {Will+}
rPois   +          Reflect  .   (helmet restricted)
rElec   +          Harm     .   e - +0 cloak
rCorr   +          Rampage  .   m - +1 pair of gloves
Will    +....      Clarity  +   (no boots)
Stlth   ..........              (no amulet)
HPRegen 0.28/turn               k - +4 ring of protection
MPRegen 0.13/turn               (no ring)

@: mighty, brilliant, resistant, on berserk cooldown, attractive
A: antennae 2, hooves 2, foul stench 1, icemail 1, condensation shield, demonic
touch 2, clarity, sturdy frame 1
a: Renounce Religion, Berserk, Trog's Hand


You were on level 13 of the Dungeon.
You worshipped Trog.
Trog was most pleased with you.
You visited 1 branch of the dungeon, and saw 13 of its levels.

You collected 739 gold pieces.
You spent 494 gold pieces at shops.


Innate Abilities, Weirdness & Mutations

You have a pair of antennae on your head.
You have hoof-like feet.
You may rarely emit foul miasma when damaged in melee.
A meltable icy envelope protects you from harm. (AC +4)
A meltable shield of frost defends you. (SH +4)
Your touch may inflict irresistible damage on your foes.
You possess an exceptional clarity of mind.
Your movements are slightly less encumbered by armour. (ER -2)


   Skills:
 - Level 15.0 Fighting
 + Level 4.8 Armour
 + Level 4.8 Dodging
 - Level 15.0 Unarmed Combat


You had 11 spell levels left.
You didn't know any spells.
Your spell library contained the following spells:

 Spells                   Type           Power      Damage    Failure   Level
 Hailstorm                Conj/Ice       0%         3d3       100%        4
 Ice Form                 Ice/Tmut       0%         N/A       100%        4
 Simulacrum               Ice/Necr       0%         N/A       100%        6

Inventory:

Hand Weapons
 p - a +1 double sword {longrare=g}
   (You found it on level 2 of the Dungeon)
 A - a +1 triple sword {longrare=g}
   (Trog gifted it to you on level 9 of the Dungeon)
 K - the +6 trident of Clean Exoneration {venom, Dex+4, @e2polearm}
   (You found it on level 12 of the Dungeon)

   It poisons the flesh of those it strikes.
   Dex:       It affects your dexterity (+4).
Missiles
 d - 324 stones (quivered) {throwing}
 f - 74 poisoned darts {throwing}
 y - 2 throwing nets {=f!fthrowing}
 z - 6 boomerangs {throwing}
 C - 8 curare-tipped darts {=fthrowing}
 G - 7 javelins {throwing}
Armour
 e - a +0 cloak (worn)
   (You found it on level 5 of the Dungeon)
 g - a +2 chain mail of willpower (worn)
   (You took it off Terence on level 2 of the Dungeon)
 m - a +1 pair of gloves (worn)
   (You found it on level 4 of the Dungeon)
 L - the +1 scale mail of Inaction {Harm rCorr Str+4 Dex-3}
   (You found it on level 12 of the Dungeon)

   Str:       It affects your strength (+4).
   Dex:       It affects your dexterity (-3).
   rCorr:     It protects you from acid and corrosion.
   Harm:      It increases damage dealt and taken.
Jewellery
 k - a +4 ring of protection (left hand)
   (You found it on level 1 of the Dungeon)
 w - a ring of flight
   (You found it on level 7 of the Dungeon)
 B - an amulet of guardian spirit
   (You took it off a wight on level 8 of the Dungeon)
 N - a ring of protection from cold
   (You found it on level 12 of the Dungeon)
Wands
 b - a wand of iceblast (8)
   (You took it off Pikel on level 8 of the Dungeon)
 t - a wand of mindburst (9)
   (You took it off Ijyb on level 3 of the Dungeon)
 H - a wand of polymorph (1)
   (You found it on level 12 of the Dungeon)
 J - a wand of charming (7)
   (You found it on level 12 of the Dungeon)
Scrolls
 a - 2 scrolls of blinking {!r}
 c - 5 scrolls of vulnerability {!r!r}
 h - a scroll of silence {!r}
 o - 4 scrolls of teleportation {@r4}
 q - 2 scrolls of fear
 s - a scroll of identify {@r1}
 v - 2 scrolls of magic mapping {!r}
 D - 2 scrolls of holy word {!r}
 M - a scroll of enchant armour
Potions
 j - 2 potions of flight
 l - 5 potions of curing {@q1}
 n - 7 potions of heal wounds {@q2}
 r - 2 potions of might
 u - 3 potions of degeneration {!q@e2}
 E - a potion of invisibility
 F - a potion of ambrosia
Miscellaneous
 I - a tin of tremorstones (2/2) {throwing}
   (You found it on level 13 of the Dungeon)

Dungeon Overview and Level Annotations

Branches:
Dungeon (13/15)            Temple (0/1) D:5             Orc (0/2) D:9
   Lair: D:8-11      Vaults: D:13-14

Altars:
Dithmenos
Gozag
Kikubaaqudgha
Makhleb
Nemelex Xobeh
Okawaru
Qazlal
Ru
Sif Muna
Vehumet
Wu Jian
Zin
The Shining One

Shops:
D:3 :   D:10 !=   D:12 **

Annotations:
D:13 exclusions: deep elf archer and vault guard

....##. ###.......## ......
##..........## .....#
#............# ...$.##
#.....<....... ...J..# ### ###
#####.......[.).
...#{.####8###8###8###...........
...#.{.#............##..>........
#...#..#J.(.........8#...........
#...#..JJ[.(....@...##...........
#...##..##8###8##J..##...........
#... #...########...##...........
##..##.........#8...8#...........
#.............##...##...........
##.............##...###..........
#..............##...###..........
...............#8)..8###........#
...............##...## #...^...##


You could see an enormous slime creature.


Message History

Throw: 326 stones {throwing}
Press: ? - help, Q - select action, (/) - cycle Shift-Dir - straight line, f/p - slime creature
Aim: a slime creature (heavily wounded, 83% to hit)
You throw a stone {throwing}.
The stone {throwing} hits the slime creature but does no damage.
Throw: 325 stones {throwing}
Press: ? - help, Q - select action, (/) - cycle Shift-Dir - straight line, f/p - slime creature
Aim: a slime creature (moderately wounded, 83% to hit)
You throw a stone {throwing}.
The stone {throwing} hits the slime creature. 😱 HP[+1]
Your skin crawls.
You feel strong-willed.
Two slime creatures merge to form a large slime creature. 😨 HP[+2]
You regained 2 hp, and now have 29/109 hp.
Okay, then.
It was a potion of resistance.
You feel protected. 😨 HP[+1]
Press: ? - help, v - describe, . - travel The floor.
Unknown command.
It was a potion of attraction.
You feel attractive to monsters.
Two slime creatures merge to form a very large slime creature.
The slime creature is attracted toward you. 😨 HP[+2]
You regained 2 hp, and now have 32/109 hp.
It was a potion of brilliance.
You feel clever all of a sudden.
Two slime creatures merge to form an enormous slime creature. 😨 HP[+2]
You regained 2 hp, and now have 34/109 hp.
Unknown command.
Unknown command.
Unknown command.
As you read the scroll of fear, it crumbles to dust.
You assume a fearsome visage.
The enormous slime creature looks frightened!
The enormous slime creature is attracted toward you. 😨 HP[+2]
You regained 2 hp, and now have 36/109 hp.
The enormous slime creature is attracted toward you. 😨 HP[+2]
You regained 2 hp, and now have 38/109 hp.
The enormous slime creature is attracted toward you. 😨 HP[+2]
You regained 2 hp, and now have 40/109 hp.
The enormous slime creature is attracted toward you. 😨 HP[+2]
You regained 2 hp, and now have 42/109 hp.
The enormous slime creature is attracted toward you. 😨 HP[+2]
You regained 2 hp, and now have 44/109 hp.
The enormous slime creature seems to regain its courage. 😨 HP[+2]
You regained 2 hp, and now have 46/109 hp.
Okay, then.
You pummel the enormous slime creature!!
Your kick misses the enormous slime creature.
You touch the enormous slime creature.
You punch the enormous slime creature.
An enormous slime creature splits. 😨 HP[+1]
The large slime creature hits you!
* * * LOW HITPOINT WARNING * * *
The large slime creature hits you.
* * * LOW HITPOINT WARNING * * *
😱 HP[-21]
You take 21 damage, and now have 26/109 hp.
You feel the effects of Trog's Hand fading.
Two slime creatures merge to form an enormous slime creature. 😨 HP[+2]
You regained 2 hp, and now have 28/109 hp.
Okay, then.
Okay, then.
Okay, then.
You feel very mighty all of a sudden.
The enormous slime creature hits you but does no damage. 😨 HP[+2]
You regained 2 hp, and now have 30/109 hp.
Okay, then.
Okay, then.
You barely miss the enormous slime creature.
You kick the enormous slime creature!
You block the enormous slime creature's attack. 😨 HP[+1]
You punch the enormous slime creature! You kick the enormous slime creature.
Your touch misses the enormous slime creature.
The enormous slime creature completely misses you. 😨 HP[+2]
You regained 2 hp, and now have 33/109 hp.
You punch the enormous slime creature! You kick the enormous slime creature.
Your skin stops crawling.
You feel less strong-willed.
The enormous slime creature barely misses you.
You punch the enormous slime creature! You kick the enormous slime creature!
Your touch misses the enormous slime creature.
You feel yourself speed up. The enormous slime creature hits you!!
You die...

Skill      XL: |  1  2  3  4  5  6  7  8  9 10 11 12 |
---------------+-------------------------------------+-----
Unarmed Combat | 3 4 5 6 8 10 14 15 | 15.0
Fighting       | 6 11 14 15 | 15.0
Armour         | 4 |  4.8
Dodging        | 4 |  4.8

Action                   |  1- 3 |  4- 6 |  7- 9 | 10-12 || total
-------------------------+-------+-------+-------+-------++-------
Melee: Unarmed           |    80 |   118 |   240 |   418 ||   856
       Touch             |    12 |    17 |    27 |    77 ||   133
       Punch             |     3 |     2 |    15 |    33 ||    53
       Kick              |       |       |    55 |   128 ||   183
Throw: Stone             |       |       |       |     3 ||     3
Invok: Berserk           |     1 |     5 |     5 |     9 ||    20
       Trog's Hand       |       |       |       |     2 ||     2
       Brothers in Arms  |       |       |       |     2 ||     2
  Use: Scroll            |       |     6 |     8 |     5 ||    19
       Potion            |       |     2 |     1 |     7 ||    10
 Stab: Sleeping          |       |       |     1 |       ||     1
Armor: Animal skin       |    22 |    44 |       |       ||    66
       Leather armour    |       |       |    25 |       ||    25
       Chain mail        |       |       |    67 |   206 ||   273
Dodge: Dodged            |    39 |    53 |    53 |   143 ||   288
Block: Other             |       |    20 |    30 |    61 ||   111

Levels and vault maps discovered:
D:1:      dpeg_arrival_signposts, layout_rooms, minmay_misc_feat_encased,
          corexii_hall_statues_l
D:2:      layout_basic, dreamdust_ecumenical_altar_drowned_temple, st_stairs_13,
          uniq_terence
D:3:      layout_rooms, serial_shops, nicolae_square_shop, uniq_robin,
          uniq_ijyb, uniq_grinder
D:4:      layout_gridville, okawaru_gym_becter,
          lemuel_zombie_altar_kikubaaqudgha, mainiacjoe_overflow_alcove_4,
          uniq_eustachio, uniq_sigmund, uniq_edmund
D:5:      layout_loops_ring, zin_academy, nicolae_wu_jian_wuxing_cycle,
          nemelex_dance_club_becter, minmay_temple_entry_glassed_door,
          kennysheep_generic_room_16
D:6:      layout_basic, nicolae_gozag_cash_rules_everything_around_me,
          nicolae_ru_great_annihilating_truth, nicolae_vehumet_altar_sigil,
          uniq_menkaure
D:7:      layout_loops_cross, mainiacjoe_overflow_small_starburst,
          kennysheep_cross_bottleneck, uniq_maggie
D:8:      layout_basic, grunt_dithmenos_smoke_and_mirrors, uniq_pikel
D:9:      layout_irregular_city, zombieorc1_lemuel, serial_column_ruins,
          column_ruins_courtyard_long, column_ruins_grid_1,
          column_ruins_open_tiny, column_ruins_columns_corner,
          column_ruins_open_small, uniq_psyche
D:10:     layout_irregular_city, old_standard_altar, marbit_many_paths,
          serial_shops, nicolae_shop_trees, shop, feat_on_display
D:11:     layout_irregular_city, lair_entry_dummy, serial_ice, serial_ice_f,
          serial_ice_h, serial_ice_b, serial_ice_e,
          portal_ice_cave_entry_pillars_1
D:12:     layout_stronghold, serial_shops, kennysheep_mini, shop_fountains,
          st_stairs_12
D:13:     layout_cave_pods, grunt_vaults_entry_fortified,
          chequers_serial_rivers_micro_a, corexii_hall_statues_l

Notes
Turn   | Place    | Note
-------+----------+-------------------------------------------
     0 | D:1      | spaghetti the Demonspawn Berserker began the quest for the
                  | Orb.
     0 | D:1      | Reached XP level 1. HP: 18/18 MP: 1/1
     0 | D:1      | magus.rc [v1.9.6]
   139 | D:1      | Reached skill level 3 in Unarmed Combat
   353 | D:1      | You feel monstrous as your demonic heritage exerts itself.
   353 | D:1      | Discovered your monstrous ancestry.
   353 | D:1      | Gained mutation: Your touch may inflict minor irresistible
                  | damage on your foes. [demonic ancestry]
   353 | D:1      | Reached XP level 2. HP: 24/24 MP: 2/2
   743 | D:2      | Found a faded altar of an unknown god.
   755 | D:2      | Noticed Terence
   772 | D:2      | HP: 4/24 [Terence/+0 mace (4)]
   778 | D:2      | Killed Terence
   779 | D:2      | Reached skill level 4 in Unarmed Combat
   779 | D:2      | Gained mutation: You have a pair of small antennae on your
                  | head. [demonic ancestry]
   779 | D:2      | Reached XP level 3. HP: 7/29 MP: 3/3
  1592 | D:2      | p - a +0 double sword {longrare=g}
  1869 | D:3      | Gained mutation: A meltable shield of frost defends you.
                  | (SH +4) [demonic ancestry]
  1869 | D:3      | Reached XP level 4. HP: 32/35 MP: 4/4
  1967 | D:3      | Reached ** piety under Trog
  1968 | D:3      | Noticed Robin
  1979 | D:3      | Killed Robin
  1983 | D:3      | Found Zyusentasi's Book Shop.
  2015 | D:3      | Reached skill level 5 in Unarmed Combat
  2062 | D:3      | Noticed Ijyb
  2073 | D:3      | Killed Ijyb
  2074 | D:3      | Gained mutation: You have a pair of antennae on your head.
                  | [demonic ancestry]
  2074 | D:3      | Reached XP level 5. HP: 41/41 MP: 5/5
  2130 | D:3      | Noticed Grinder
  2144 | D:3      | Paralysed by Grinder for 7 turns
  2152 | D:3      | Killed Grinder
  2153 | D:3      | Reached skill level 6 in Unarmed Combat
  2153 | D:3      | Gained mutation: Your touch may inflict irresistible damage
                  | on your foes. [demonic ancestry]
  2153 | D:3      | Reached XP level 6. HP: 27/47 MP: 6/6
  2656 | D:3      | Identified a scroll of acquirement
  2755 | D:3      | Acquired a manual of Unarmed Combat
  2917 | D:4      | Noticed Eustachio
  2922 | D:4      | Reached skill level 7 in Unarmed Combat
  2980 | D:4      | Killed Eustachio
  2981 | D:4      | Reached skill level 8 in Unarmed Combat
  2981 | D:4      | Gained mutation: You have large cloven feet. [demonic
                  | ancestry]
  2981 | D:4      | Reached XP level 7. HP: 52/52 MP: 7/7
  2997 | D:4      | You drop a +0 double sword {longrare=g}.
  3046 | D:4      | p - a +0 double sword {longrare=g}
  3123 | D:4      | Reached skill level 9 in Unarmed Combat
  3258 | D:4      | Reached skill level 10 in Unarmed Combat
  3320 | D:4      | Noticed Sigmund
  3333 | D:4      | Killed Sigmund
  3334 | D:4      | Reached XP level 8. HP: 58/58 MP: 8/8
  3486 | D:4      | Found an iron altar of Okawaru.
  3519 | D:4      | Noticed Edmund
  3526 | D:4      | Killed Edmund
  3527 | D:4      | Reached skill level 11 in Unarmed Combat
  3599 | D:4      | Found an ancient bone altar of Kikubaaqudgha.
  3769 | D:4      | Found a stormy altar of Qazlal.
  3793 | D:4      | Reached *** piety under Trog
  4010 | D:5      | Entered Level 5 of the Dungeon
  4042 | D:5      | Reached skill level 12 in Unarmed Combat
  4494 | D:5      | Gained mutation: You are partially covered in iridescent
                  | scales. (AC +2) [potion of mutation]
  4494 | D:5      | Lost mutation: You are partially covered in iridescent
                  | scales. (AC +2) [potion of mutation]
  4581 | D:5      | Found a sparkling altar of Nemelex Xobeh.
  4590 | D:5      | Reached skill level 13 in Unarmed Combat
  4861 | D:5      | Found an ornate altar of the Wu Jian Council.
  5022 | D:5      | Found a staircase to the Ecumenical Temple.
  5685 | D:6      | Reached skill level 14 in Unarmed Combat
  5689 | D:6      | Reached XP level 9. HP: 51/63 MP: 9/9
  5776 | D:6      | Found a sacrificial altar of Ru.
  5942 | D:6      | Found a radiant altar of Vehumet.
  5986 | D:6      | Noticed Menkaure
  5994 | D:6      | Killed Menkaure
  6289 | D:6      | Found an opulent altar of Gozag.
  6559 | D:7      | Noticed Maggie
  6575 | D:7      | Killed Maggie
  6576 | D:7      | Reached skill level 4 in Fighting
  6576 | D:7      | Reached skill level 15 in Unarmed Combat
  6793 | D:7      | Reached skill level 5 in Fighting
  7080 | D:7      | Reached skill level 6 in Fighting
  7184 | D:7      | your +0 double sword {longrare=g} glows red for a moment.
  7401 | D:8      | Reached **** piety under Trog
  7410 | D:8      | Gained mutation: You may rarely emit foul miasma when
                  | damaged in melee. [demonic ancestry]
  7410 | D:8      | Reached XP level 10. HP: 77/77 MP: 10/10
  7415 | D:8      | Noticed Pikel
  7430 | D:8      | Killed Pikel
  7431 | D:8      | Reached skill level 7 in Fighting
  7495 | D:8      | Found a shadowy altar of Dithmenos.
  7559 | D:8      | Reached skill level 8 in Fighting
  8124 | D:9      | Found a staircase to the Orcish Mines.
  8159 | D:9      | Reached ***** piety under Trog
  8173 | D:9      | Reached skill level 9 in Fighting
  8501 | D:9      | Reached skill level 10 in Fighting
  8840 | D:9      | Noticed Psyche
  8841 | D:9      | Noticed a skeletal warrior
  8841 | D:9      | Noticed a skeletal warrior
  8842 | D:9      | Noticed a skeletal warrior
  8842 | D:9      | Noticed a skeletal warrior
  9110 | D:9      | Killed a skeletal warrior
  9111 | D:9      | Reached skill level 11 in Fighting
  9119 | D:9      | Killed a skeletal warrior
  9119 | D:9      | Received a gift from Trog
  9120 | D:9      | Gained mutation: A meltable icy envelope protects you from
                  | harm. (AC +4) [demonic ancestry]
  9120 | D:9      | Reached XP level 11. HP: 36/93 MP: 11/11
  9120 | D:9      | HP: 20/139 [skeletal warrior/+0 halberd[a skeletal warrior]
                  | (16)]
  9122 | D:9      | HP: 9/139 [skeletal warrior/+0 halberd[a skeletal warrior]
                  | (12)]
  9124 | D:9      | Killed a skeletal warrior
  9471 | D:9      | Killed Psyche
  9474 | D:9      | Killed a skeletal warrior
  9475 | D:9      | Reached skill level 12 in Fighting
  9538 | D:9      | A - a +1 triple sword {longrare=g}
  9891 | D:10     | Entered Level 10 of the Dungeon
  9898 | D:10     | Found Edeighiwu's Distillery.
  9925 | D:10     | Bought a potion of invisibility for 104 gold pieces
  9925 | D:10     | Bought 2 potions of heal wounds for 130 gold pieces
  9925 | D:10     | Bought a potion of ambrosia for 104 gold pieces
  9925 | D:10     | Bought a potion of might for 52 gold pieces
  9925 | D:10     | Bought a potion of mutation for 104 gold pieces
  9925 | D:10     | Gained mutation: Your movements are slightly less
                  | encumbered by armour. (ER -2) [potion of mutation]
  9925 | D:10     | Gained mutation: You possess an exceptional clarity of
                  | mind. [potion of mutation]
 10287 | D:10     | Found a shimmering blue altar of Sif Muna.
 10575 | D:10     | Noticed a six-headed hydra
 10577 | D:10     | Found a burning altar of Makhleb.
 10581 | D:10     | Killed a six-headed hydra
 10598 | D:10     | Reached skill level 13 in Fighting
 10901 | D:10     | Found Loiliph's Jewellery Shop.
 11187 | D:11     | Noticed a two-headed ogre
 11194 | D:11     | Killed a two-headed ogre
 11333 | D:11     | You fall into a shaft and drop 1 floor!
 11402 | D:12     | Reached skill level 14 in Fighting
 11468 | D:12     | Noticed a two-headed ogre
 11472 | D:12     | Killed a two-headed ogre
 11891 | D:12     | Identified the +6 trident of Clean Exoneration {venom,
                  | Dex+4}
 11893 | D:12     | Noticed a two-headed ogre
 11902 | D:12     | Killed a two-headed ogre
 12086 | D:12     | Identified the +1 scale mail of Inaction {Harm rCorr Str+4
                  | Dex-3}
 12163 | D:12     | Noticed a boulder beetle
 12174 | D:12     | Killed a boulder beetle
 12262 | D:12     | Found Unoin's Assorted Antiques.
 12326 | D:12     | Gained mutation: You have hoof-like feet. [demonic
                  | ancestry]
 12326 | D:12     | Reached XP level 12. HP: 108/108 MP: 12/12
 12347 | D:12     | Found Fuyll's Assorted Antiques.
 12440 | D:12     | Noticed a five-headed hydra
 12450 | D:12     | Killed a five-headed hydra
 12451 | D:12     | Reached skill level 15 in Fighting
 12451 | D:12     | Reached skill level 2 in Armour
 12451 | D:12     | Reached skill level 2 in Dodging
 12625 | D:12     | You pick up a book of the Tundra {forbidden} and begin
                  | reading...
 12625 | D:12     | You add the spells Hailstorm, Ice Form and Simulacrum to
                  | your library.
 13041 | D:13     | Noticed a vault guard
 13045 | D:13     | Reached skill level 3 in Armour
 13045 | D:13     | Reached skill level 3 in Dodging
 13255 | D:13     | Reached skill level 4 in Armour
 13255 | D:13     | Reached skill level 4 in Dodging
 13481 | D:13     | Noticed a vault guard
 13721 | D:13     | HP: 22/109 [enormous slime creature (58)]
 13727 | D:13     | HP: 20/109 [slime creature (4)]
 13764 | D:13     | HP: 26/109 [large slime creature (6)]
 13770 | D:13     | Slain by an enormous slime creature

Vanquished Creatures
  A boulder beetle (D:12)
  2 hydras
  3 two-headed ogres
  4 skeletal warriors (D:9)
  Pikel (D:8)
  3 ugly things (D:13)
  2 cyclopes
  A manticore (D:12)
  2 gargoyles (D:13)
  Maggie (D:7)
  Psyche (D:9)
  2 trolls
  A polar bear (D:11)
  Grinder (D:3)
  A slime creature (D:13)
  Sigmund (D:4)
  11 yaks
  2 vampires
  Eustachio (D:4)
  A wraith (D:10)
  A spriggan (shapeshifter) (D:13)
  A wyvern (D:6)
  2 steam dragons
  A hog (shapeshifter) (D:13)
  Menkaure (D:6)
  7 vampire mosquitoes
  Edmund (D:4)
  3 water moccasins
  3 acid dragons
  3 orc warriors
  2 ice beasts
  2 sky beasts
  7 ogres
  2 wolves (D:11)
  4 centaurs
  3 lemures (D:8)
  4 phantoms
  5 kobold brigands
  A bullfrog (D:7)
  A gnoll sergeant (D:10)
  A necrophage (D:8)
  4 scorpions
  5 wights (D:8)
  3 killer bees (D:9)
  2 hounds
  3 jellies
  5 orc priests
  Terence (D:2)
  9 orc wizards
  Ijyb (D:3)
  6 ogre zombies (D:9)
  Robin (D:3)
  7 gnolls
  10 adders
  4 white imps
  A howler monkey simulacrum (D:11)
  2 worms
  2 dart slugs
  28 orcs
  2 endoplasms
  4 giant cockroaches
  11 goblins
  11 hobgoblins
  5 jackals
  28 kobolds
  5 quokkas
  5 ball pythons
  3 bats
  A frilled lizard (D:6)
  2 goblin zombies (D:9)
  3 hobgoblin skeletons (D:9)
  A hobgoblin zombie (D:9)
  An orc skeleton (D:9)
  12 orc zombies (D:9)
  4 rats
  A rat zombie (D:4)
  A spectral kobold (D:2)
291 creatures vanquished.

Vanquished Creatures (collateral kills)
  An ugly thing (D:13)
  A troll (D:13)
  A slime creature (D:13)
3 creatures vanquished.

Grand Total: 294 creatures vanquished

Table legend:
 A = Non-vault XP
 B = Vault XP
 C = Vault XP percentage of total XP
 D = Non-vault monster count
 E = Vault monster count
 F = Vault count percentage of total count
                 A         B        C        D         E       F
            +---------+---------+-------+---------+---------+-------
      Total |   23932 |    4903 |  17.0 |     219 |      72 |  24.7
            +---------+---------+-------+---------+---------+-------
        D:1 |      15 |       0 |   0.0 |       8 |       0 |   0.0
        D:2 |      42 |      39 |  48.1 |      17 |       3 |  15.0
        D:3 |      72 |     328 |  82.0 |      11 |      13 |  54.2
        D:4 |     681 |     588 |  46.3 |      28 |       4 |  12.5
        D:5 |     624 |     166 |  21.0 |      17 |       4 |  19.0
        D:6 |    1038 |     227 |  17.9 |      16 |       5 |  23.8
        D:7 |     916 |     415 |  31.2 |      16 |       1 |   5.9
        D:8 |    1372 |     663 |  32.6 |      32 |       1 |   3.0
        D:9 |    5011 |     860 |  14.6 |      20 |      29 |  59.2
       D:10 |    2975 |      88 |   2.9 |      24 |       1 |   4.0
       D:11 |     975 |     725 |  42.6 |       5 |       8 |  61.5
       D:12 |    4777 |     380 |   7.4 |       8 |       2 |  20.0
       D:13 |    5434 |     424 |   7.2 |      17 |       1 |   5.6
            +---------+---------+-------+---------+---------+-------

Illustrated notes

Table legend:
 A = Kills in this place as a percentage of kills in entire the game.
 B = Kills by you in this place as a percentage of kills by you in the entire game.
 C = Kills by friends in this place as a percentage of kills by friends in the entire game.
 D = Other kills in this place as a percentage of other kills in the entire game.
 E = Experience gained in this place as a percentage of experience gained in the entire game.
 F = Experience gained in this place divided by the number of levels of this place that you have seen.
                   A       B       C       D       E      F
               +-------+-------+-------+-------+-------+----------------------
         Total | 100.0 | 100.0 | 100.0 |   N/A | 100.0 | 2218.1
       Dungeon | 100.0 | 100.0 | 100.0 |   N/A | 100.0 | 2218.1
               +-------+-------+-------+-------+-------+----------------------

Table legend: (Time is in decaauts)
 A = Elapsed time spent in this place.
 B = Non-inter-level travel time spent in this place.
 C = Inter-level travel time spent in this place.
 D = Time resting spent in this place.
 E = Time spent auto-exploring this place.
 F = Levels seen in this place.
 G = Mean time per level.
                   A        B        C        D        E       F      G
               +--------+--------+--------+--------+--------+-----+--------+
         Total |  13738 |  13113 |    625 |   3083 |   8446 |  13 | 1056.8 |
       Dungeon |  13738 |  13113 |    625 |   3083 |   8446 |  13 | 1056.8 |
               +--------+--------+--------+--------+--------+-----+--------+

Top non-repeatable levels by time:
    D:12: 1564 daAuts
     D:9: 1428 daAuts
     D:4: 1350 daAuts
     D:5: 1345 daAuts
    D:10: 1261 daAuts
     D:2: 1259 daAuts
     D:8: 1104 daAuts
     D:3: 936 daAuts
     D:7: 908 daAuts
     D:6: 856 daAuts
    D:13: 856 daAuts
     D:1: 684 daAuts
    D:11: 183 daAuts
